[Event "Team 45 45 League T58"]
[Site "Internet Chess Club"]
[Date "2013.09.13"]
[Round "4"]
[White "Nathan-L"]
[Black "sharky123"]
[Result "1-0"]
[WhiteElo "1791"]
[BlackElo "1687"]
[Opening "Queen's bishop game"]
[ECO "D02"]
[Time "18:00:38"]
[TimeControl "2700+45"]

1. d4 d5 2. Nf3 Nf6 3. Bf4 Bf5 4. e3 e6 5. Bd3 Bg4 6. O-O Ne4 7. h3 Bh5 8. Nbd2
Bg6 9. Ne5 Nxd2 10. Qxd2 Bd6 11. Bxg6 hxg6 12. Nd3 Nc6 13. Bxd6 Qxd6 14. c3 g5
15. f4 gxf4 16. exf4 O-O-O 17. Ne5 f6 18. Nf7 Qe7 19. Nxd8 Kxd8 20. Rae1 g5 21.
Qe3 Kd7 22. fxg5 fxg5 23. Qf3 Nd8 24. Qf6 Rg8 25. Re5 c6 26. Rff5 Qxf6 27. Rxf6
Ke7 28. Rh6 a6 29. Rh7+ Nf7 30. Re2 Rf8 31. Rf2 Ke8 32. Rg7 Ke7 33. g3 Ke8 34.
Rg6 Ke7 35. Rgf6 b5 36. Kg2 a5 37. a3 a4 38. g4 Ke8 39. Rxe6+ Kd7 40. Ref6 Ke7
41. Rxc6 Nd8 42. Rc7+ Ke8 43. Re2+ Ne6 44. Rxe6+ Kd8 45. Ree7 Rg8 46. Red7+ Ke8
47. Rxd5 Rf8 48. Rxb5 Kd8 49. Rbb7 Re8 50. Rg7 Kc8 51. Rbe7 Rxe7 52. Rxe7 Kb8
53. h4 gxh4 54. g5 h3+ 55. Kxh3 Ka8 56. g6 Kb8 57. g7 Kc8 58. g8=R# {Black
checkmated} 1-0

[Event "Team 45 45 League T58"]
[Site "Internet Chess Club"]
[Date "2013.09.15"]
[Round "4"]
[White "jt2000"]
[Black "toukon"]
[Result "0-1"]
[WhiteElo "1858"]
[BlackElo "1754"]
[Opening "Sicilian: Najdorf, Byrne (English) attack"]
[ECO "B90"]
[Time "21:03:17"]
[TimeControl "2700+45"]

1. e4 c5 2. Nf3 d6 3. d4 cxd4 4. Nxd4 Nf6 5. Nc3 a6 6. Be3 e6 7. f3 Be7 8. Qd2
O-O 9. g4 b5 10. O-O-O Bb7 11. h4 b4 12. Na4 Qa5 13. b3 Nc6 14. Kb1 Rfc8 15. h5
Nxd4 16. Bxd4 Rc6 17. g5 Nd7 18. g6 Rac8 19. gxh7+ Kxh7 20. e5 Nxe5 21. h6 g6
22. Qf4 f5 23. Rd2 Qc7 24. Bxe5 dxe5 25. Qh2 Bg5 26. Rf2 Bf4 27. Qg2 Rd6 28. Bc4
Rcd8 29. Nb2 Qd7 30. Nd3 Rd4 31. Rg1 Qe8 32. Re2 R8d6 33. Nxe5 Rd1+ 34. Rxd1
Rxd1+ 35. Kb2 Bc1+ 36. Kb1 Ba3# {White checkmated} 0-1

[Event "Team 45 45 League T58"]
[Site "Internet Chess Club"]
[Date "2013.09.12"]
[Round "4"]
[White "Muravey"]
[Black "HematiteBrown"]
[Result "1-0"]
[WhiteElo "2029"]
[BlackElo "2008"]
[Opening "Sicilian"]
[ECO "B50"]
[Time "18:56:50"]
[TimeControl "2700+45"]

1. e4 c5 2. Nf3 d6 3. c3 Nf6 4. h3 Qc7 5. Bd3 Nc6 6. Bc2 Bd7 7. d4 cxd4 8. cxd4
Nb4 9. Nc3 e6 10. Bb1 Be7 11. O-O Rd8 12. a3 Nc6 13. Re1 h6 14. Be3 g5 15. d5
Na5 16. dxe6 fxe6 17. Ba2 Nc4 18. Bxc4 Qxc4 19. e5 dxe5 20. Nxe5 Qc7 21. Ng6 Rg8
22. Nxe7 Kxe7 23. Bd4 g4 24. Qc1 Qc6 25. Bxf6+ Kxf6 26. Qxh6+ Kf7 27. Qh5+ Rg6
28. Re4 e5 29. Qxe5 Re8 30. Rf4+ Kg8 31. Qd5+ Qxd5 32. Nxd5 Kg7 33. h4 g3 34.
fxg3 Bc6 35. Nb4 Rxg3 36. Nxc6 bxc6 37. Kh2 Rb3 38. Rc1 Re6 39. Rc2 Rg6 40. Rfc4
a5 41. Rxc6 Rxc6 42. Rxc6 Rxb2 43. Rc5 a4 44. Rc4 Kh7 45. Rxa4 Ra2 46. Ra7+ Kh6
47. Ra5 Kg6 48. a4 Kh6 49. Kh3 Kg6 50. Ra6+ Kf5 51. a5 Kf4 52. g3+ Kf5 53. Rh6
Ra3 54. a6 Ra4 55. g4+ Kf4 56. h5 Ra3+ 57. Kh4 Ra2 58. Rf6+ Ke5 59. Kg5 Ke4 60.
h6 Ra5+ 61. Kg6 Ra1 62. h7 Rg1 63. h8=Q Rxg4+ 64. Kf7 {Black resigns} 1-0

[Event "Team 45 45 League T58"]
[Site "Internet Chess Club"]
[Date "2013.09.13"]
[Round "4"]
[White "pmcglothin"]
[Black "Constrictor"]
[Result "0-1"]
[WhiteElo "1813"]
[BlackElo "1752"]
[Opening "Réti: Pirc-Lisitsin gambit"]
[ECO "A04"]
[Time "14:36:50"]
[TimeControl "2700+45"]

1. Nf3 f5 2. e4 fxe4 3. Ng5 Nf6 4. d3 e5 5. dxe4 h6 6. Nf3 Bc5 7. Bc4 d6 8. Nh4
Bxf2+ 9. Kxf2 Nxe4+ 10. Kg1 Qxh4 11. g3 Nxg3 12. Qd5 Nxh1 13. Qf7+ Kd8 14. Kxh1
Qf6 15. Qh5 Rf8 16. Be3 Qf3+ 17. Qxf3 Rxf3 18. Bg1 Bd7 19. Bd5 Bc6 20. Bxc6 Nxc6
21. Nd2 Rf7 22. c3 Kd7 23. Rd1 Re8 24. Ne4 b6 25. Be3 Rf3 26. Bg1 Ref8 27. Kg2
R3f4 28. Ng3 Ne7 29. Nh5 R4f7 30. Ng3 Nf5 31. Ne2 g5 32. Ng3 Nxg3 33. hxg3 Rf3
34. Re1 h5 35. Re4 g4 36. Re2 Rd3 37. Bf2 Rdf3 38. Be1 Ke6 39. c4 Rd3 40. Bf2
Rff3 41. Kh2 Kf5 42. Kg2 e4 43. Be1 Rde3 44. Rxe3 Rxe3 45. Kf2 Rxe1 {White
resigns} 0-1

[Event "Team 45 45 League T58"]
[Site "Internet Chess Club"]
[Date "2013.09.14"]
[Round "4"]
[White "Frankly"]
[Black "calsal"]
[Result "1-0"]
[WhiteElo "1767"]
[BlackElo "1664"]
[Opening "Ruy Lopez: open, Bernstein variation"]
[ECO "C80"]
[Time "15:01:50"]
[TimeControl "2700+45"]

1. e4 e5 2. Nf3 Nc6 3. Bb5 a6 4. Ba4 Nf6 5. O-O Nxe4 6. d4 b5 7. Bb3 d5 8. dxe5
Be6 9. Nbd2 Nc5 10. c3 Be7 11. Bc2 O-O 12. Re1 d4 13. cxd4 Nxd4 14. Nxd4 Qxd4
15. Qh5 h6 16. Ne4 Nxe4 17. Rxe4 Qd7 18. Bxh6 gxh6 19. Qxh6 f5 20. Rg4+ Kf7 21.
Qg6# {Black checkmated} 1-0

[Event "Team 45 45 League T58"]
[Site "Internet Chess Club"]
[Date "2013.09.12"]
[Round "4"]
[White "quale"]
[Black "ghostfire"]
[Result "1-0"]
[WhiteElo "1768"]
[BlackElo "1734"]
[Opening "Vienna game"]
[ECO "C28"]
[Time "20:04:14"]
[TimeControl "2700+45"]

1. e4 e5 2. Bc4 Nc6 3. Nc3 Nf6 4. d3 d6 5. h3 Be7 6. Nf3 O-O 7. O-O h6 8. Re1 a6
9. a4 Bd7 10. d4 exd4 11. Nxd4 Ne5 12. Bb3 Rc8 13. Re3 c5 14. Nf5 Bxf5 15. exf5
Qd7 16. Bd5 b5 17. axb5 axb5 18. f4 Nc4 19. Bxc4 bxc4 20. Nd5 Bd8 21. g4 Qc6 22.
Ne7+ Bxe7 23. Rxe7 Rfe8 24. Raa7 Rxe7 25. Rxe7 Nd5 26. Re4 Nb6 27. Qe1 d5 28.
Re7 d4 29. g5 hxg5 30. fxg5 Qf3 31. Re8+ Rxe8 32. Qxe8+ Kh7 33. g6+ fxg6 34.
fxg6# {Black checkmated} 1-0

[Event "Team 45 45 League T58"]
[Site "Internet Chess Club"]
[Date "2013.09.12"]
[Round "4"]
[White "Deckfuel"]
[Black "jjmolina"]
[Result "1-0"]
[WhiteElo "2017"]
[BlackElo "1735"]
[Opening "Ruy Lopez: Anderssen variation"]
[ECO "C77"]
[Time "12:00:41"]
[TimeControl "2700+45"]

1. e4 e5 2. Nf3 Nc6 3. Bb5 a6 4. Ba4 Nf6 5. d3 d6 6. c3 g6 7. Nbd2 Bg7 8. O-O
O-O 9. Re1 b5 10. Bc2 Re8 11. Nf1 Rb8 12. a3 Bb7 13. Ne3 Ne7 14. c4 c5 15. Nd5
Nfxd5 16. cxd5 Bc8 17. h3 f5 18. b4 Qc7 19. bxc5 dxc5 20. Bb3 Qd6 21. Qc2 Rb7
22. Be3 Rc7 23. Rec1 fxe4 24. Bxc5 Rxc5 25. Qxc5 Qxc5 26. Rxc5 exf3 27. d6+ Kf8
28. dxe7+ Kxe7 29. Rc7+ Bd7 30. gxf3 Rf8 31. Bd5 Kd6 32. Ra7 Bxh3 33. Be4 Bd7
34. Rc1 Rd8 35. Rxa6+ Ke7 36. Rc7 Bf8 37. Bd5 g5 38. Rb7 Ke8 39. Be6 h5 40.
Bxd7+ Rxd7 41. Ra8+ Rd8 42. Rxd8+ Kxd8 43. Rb8+ Ke7 44. Rxb5 {Black resigns} 1-0

[Event "Team 45 45 League T58"]
[Site "Internet Chess Club"]
[Date "2013.09.16"]
[Round "4"]
[White "frank001"]
[Black "LittleButton"]
[Result "0-1"]
[WhiteElo "1725"]
[BlackElo "1890"]
[Opening "Kevitz-Trajkovich defense"]
[ECO "A50"]
[Time "14:09:13"]
[TimeControl "2700+45"]

1. d4 Nf6 2. c4 Nc6 3. Nf3 e6 4. a3 d6 5. Nc3 g6 6. Bg5 h6 7. Bh4 g5 8. Bg3 g4
9. Ng1 Nh5 10. e3 Nxg3 11. hxg3 h5 12. Bd3 Bg7 13. Nge2 h4 14. Qc2 Bd7 15. O-O-O
h3 16. gxh3 gxh3 17. Rh2 Qg5 18. Kb1 O-O-O 19. Rdh1 e5 20. d5 Ne7 21. Ng1 Kb8
22. Nxh3 Qh5 23. Ka2 f5 24. Ng1 Qxh2 25. Rxh2 Rxh2 26. Nf3 Rh5 27. Nh4 Rf8 28.
Be2 Rh6 29. f4 Rg8 30. Nf3 e4 31. Ng5 Rh2 32. Qd1 Rgh8 33. c5 dxc5 34. d6 Nc6
35. dxc7+ Kc8 36. Nb5 a6 37. Nd6+ Kxc7 38. Ndf7 Rg8 39. Qd6+ Kb6 40. Qd1 Ka7 41.
Kb1 Na5 42. b4 cxb4 43. axb4 Nc6 44. Qxd7 Rxe2 45. Nd6 Rb2+ 46. Kc1 Rxb4 47.
Nxf5 Bb2+ 48. Kc2 Rd8 49. Qe6 Rd3 50. Nxe4 Rxe3 {White resigns} 0-1

[Event "Team 45 45 League T58"]
[Site "Internet Chess Club"]
[Date "2013.09.13"]
[Round "4"]
[White "badmove"]
[Black "Heian"]
[Result "1/2-1/2"]
[WhiteElo "1583"]
[BlackElo "1697"]
[Opening "Ruy Lopez: Graz variation"]
[ECO "C70"]
[Time "17:13:26"]
[TimeControl "2700+45"]

1. e4 e5 2. Nf3 Nc6 3. Bb5 a6 4. Ba4 b5 5. Bb3 Bc5 6. c3 d6 7. d4 exd4 8. cxd4
Bb6 9. h3 Qf6 10. Bg5 Qg6 11. Bd5 Bd7 12. Qd2 f6 13. e5 Nge7 14. Bb3 fxg5 15.
Nxg5 Nxd4 16. Bf7+ Qxf7 17. Nxf7 Kxf7 18. exd6 cxd6 19. Nc3 Rhf8 20. Rc1 {Game
drawn by mutual agreement} 1/2-1/2

[Event "Team 45 45 League T58"]
[Site "Internet Chess Club"]
[Date "2013.09.12"]
[Round "4"]
[White "QuieroAprender"]
[Black "pokerram"]
[Result "1-0"]
[WhiteElo "1672"]
[BlackElo "1671"]
[Opening "Sicilian"]
[ECO "B50"]
[Time "19:00:38"]
[TimeControl "2700+45"]

1. e4 c5 2. Nf3 d6 3. h3 Nc6 4. c3 Nf6 5. Bd3 g6 6. O-O Bg7 7. Re1 O-O 8. Qc2 a6
9. a4 Qc7 10. Na3 Nh5 11. Bf1 Bd7 12. d4 cxd4 13. cxd4 Rfc8 14. Be3 Na5 15. Qd3
Bxa4 16. b4 Nc6 17. Rec1 Qd8 18. Rab1 Na7 19. Rxc8 Rxc8 20. g4 Nf6 21. e5 dxe5
22. dxe5 Qxd3 23. Bxd3 Nxg4 24. hxg4 Nc6 25. Rc1 Rd8 26. Be4 Nxe5 27. Nxe5 Bxe5
28. Bb6 Rd1+ 29. Rxd1 Bxd1 30. Nc4 Bd6 31. Nxd6 exd6 32. g5 Kf8 33. Bxb7 Be2 34.
Bd5 Ke7 35. Bd4 f5 36. gxf6+ Kf8 37. Be3 {Black resigns} 1-0

[Event "Team 45 45 League T58"]
[Site "Internet Chess Club"]
[Date "2013.09.14"]
[Round "4"]
[White "zap2"]
[Black "fishhead"]
[Result "0-1"]
[WhiteElo "1736"]
[BlackElo "1786"]
[Opening "Réti: King's Indian attack"]
[ECO "A05"]
[Time "15:04:58"]
[TimeControl "2700+45"]

1. Nf3 Nf6 2. g3 g6 3. Bg2 Bg7 4. d3 d6 5. Nbd2 c6 6. O-O Qc7 7. e4 e5 8. Re1 a5
9. a4 Na6 10. Nf1 O-O 11. h3 h6 12. Qe2 Be6 13. b3 Rfe8 14. Be3 d5 15. Bc1 d4
16. N1d2 b5 17. Nf1 Nb4 18. Nh4 Nh5 19. Ba3 Bf8 20. Rec1 bxa4 21. bxa4 Na2 22.
Rxa2 Bxa2 23. Bxf8 Kxf8 24. c4 Bb3 25. Qb2 Rab8 26. Rb1 Qe7 27. Nd2 Bxa4 28.
Qxb8 Rxb8 29. Rxb8+ Kg7 30. Bf3 Nf4 31. gxf4 Qxh4 32. fxe5 Qg5+ 33. Bg4 Qxd2 34.
Rb7 h5 35. Be6 Qc1+ 36. Kg2 Qg5+ 37. Kf1 Qxe5 38. Bxf7 Kh6 39. Bg8 Kg5 40. Kg2
Bc2 41. Rf7 Bxd3 42. f4+ Qxf4 43. Rxf4 Kxf4 44. Bf7 a4 45. c5 Ke3 46. e5 Bf5 47.
h4 d3 48. e6 Bxe6 49. Bxe6 d2 50. Bd7 d1=Q 51. Bxc6 Qg4+ 52. Kf1 Qc4+ 53. Kg1 a3
54. Bg2 a2 55. c6 a1=Q+ 56. Kh2 Qxh4+ 57. Bh3 Qb2+ {White resigns} 0-1

[Event "Team 45 45 League T58"]
[Site "Internet Chess Club"]
[Date "2013.09.13"]
[Round "4"]
[White "justice02"]
[Black "Riddick"]
[Result "1-0"]
[WhiteElo "1811"]
[BlackElo "1859"]
[Opening "Caro-Kann: classical variation"]
[ECO "B18"]
[Time "20:32:08"]
[TimeControl "2700+45"]

1. e4 c6 2. d4 d5 3. Nc3 dxe4 4. Nxe4 Bf5 5. Ng5 Nf6 6. Bc4 e6 7. c3 Bd6 8. Qf3
h6 9. Nxf7 Kxf7 10. Qxf5 Qe7 11. Nf3 Re8 12. Nh4 Kg8 13. O-O Qf7 14. Qf3 Nd5 15.
Qxf7+ Kxf7 16. Re1 Nd7 17. Bd3 Kg8 18. Bg6 Re7 19. g3 Nf8 20. Bc2 Rf7 21. Bd2
Rf6 22. Re4 Rd8 23. Rae1 c5 24. Bb3 Nc7 25. dxc5 Bxc5 26. Be3 Bxe3 27. R4xe3 g5
28. Ng2 Rd2 29. R1e2 Rxe2 30. Rxe2 Nd7 31. Ne3 Ne5 32. Kg2 Kg7 33. Nc4 Nxc4 34.
Bxc4 Nd5 35. Bxd5 exd5 36. Re7+ Rf7 37. Rxf7+ Kxf7 38. Kf3 Kf6 39. Ke3 Ke5 40.
h3 b6 41. f3 h5 42. a3 a6 43. b3 h4 44. g4 Kd6 45. f4 gxf4+ 46. Kxf4 b5 47. b4
Ke6 48. g5 Kd6 49. Kf5 Ke7 50. g6 Kf8 51. Kf6 Kg8 52. g7 d4 53. cxd4 a5 54. bxa5
b4 55. axb4 Kh7 56. Kf7 Kh6 57. g8=Q {Black resigns} 1-0

[Event "Team 45 45 League T58"]
[Site "Internet Chess Club"]
[Date "2013.09.15"]
[Round "4"]
[White "Egmont"]
[Black "IAmGoodAtChess"]
[Result "1/2-1/2"]
[WhiteElo "1775"]
[BlackElo "1827"]
[Opening "Queen's pawn"]
[ECO "A40"]
[Time "12:06:53"]
[TimeControl "2700+45"]

1. d4 e6 2. Bf4 f5 3. e3 Nf6 4. Nf3 d5 5. Nbd2 c6 6. c3 Bd6 7. Bxd6 Qxd6 8. Ne5
O-O 9. Bd3 Bd7 10. Qb3 Qc7 11. c4 Ne4 12. Bxe4 fxe4 13. Nxd7 Qxd7 14. f4 Kh8 15.
Qb4 Na6 16. Qc3 Qe7 17. a3 {Game drawn by mutual agreement} 1/2-1/2

[Event "Team 45 45 League T58"]
[Site "Internet Chess Club"]
[Date "2013.09.13"]
[Round "4"]
[White "minke"]
[Black "TerryMalloy"]
[Result "1-0"]
[WhiteElo "1956"]
[BlackElo "2020"]
[Opening "Sicilian: Najdorf, Byrne (English) attack"]
[ECO "B90"]
[Time "16:00:55"]
[TimeControl "2700+45"]

1. e4 c5 2. Nf3 d6 3. d4 cxd4 4. Nxd4 Nf6 5. Nc3 a6 6. Be3 e5 7. Nb3 Be6 8. f3
Be7 9. Qd2 h5 10. O-O-O Nbd7 11. Kb1 Rc8 12. Be2 b5 13. f4 b4 14. Nd5 Nxd5 15.
exd5 Bf5 16. Bd3 Bxd3 17. Qxd3 Qc7 18. Qxa6 Qxc2+ 19. Ka1 O-O 20. Rc1 Ra8 21.
Qxa8 Qxc1+ 22. Rxc1 Rxa8 23. Rc7 Rd8 24. Na5 exf4 25. Bd2 g5 26. Nc6 Re8 27.
Rxd7 Bf6 28. Rxd6 Kg7 29. Bxb4 Re2 30. Rxf6 Rxg2 31. a4 Kxf6 32. Bc3+ Kf5 33.
Nd4+ Ke4 34. d6 f3 35. Nxf3 Kxf3 36. Kb1 Rg1+ 37. Kc2 Ke2 38. Bd4 Rd1 39. Kc3
Rc1+ 40. Kb4 Rc6 41. Bc5 Rc8 42. Bb6 Rc2 43. d7 Rxb2+ 44. Kc5 Rd2 {Black
resigns} 1-0

[Event "Team 45 45 League T58"]
[Site "Internet Chess Club"]
[Date "2013.09.14"]
[Round "4"]
[White "Buford-Julep"]
[Black "chess09"]
[Result "0-1"]
[WhiteElo "1722"]
[BlackElo "2016"]
[Opening "QGD Slav: Dutch variation, main line"]
[ECO "D19"]
[Time "12:00:33"]
[TimeControl "2700+45"]

1. d4 d5 2. c4 c6 3. Nf3 Nf6 4. Nc3 dxc4 5. a4 Bf5 6. e3 e6 7. Bxc4 Bb4 8. O-O
O-O 9. Qe2 Qa5 10. Bd2 Nbd7 11. e4 Bg6 12. Rfd1 Qh5 13. Bd3 Rad8 14. Rac1 e5 15.
d5 Bxc3 16. Bxc3 cxd5 17. Nxe5 Nxe5 {White resigns} 0-1

[Event "Team 45 45 League T58"]
[Site "Internet Chess Club"]
[Date "2013.09.14"]
[Round "4"]
[White "az2112"]
[Black "Packerfan"]
[Result "1-0"]
[WhiteElo "1656"]
[BlackElo "1672"]
[Opening "Ruy Lopez: Schliemann defense"]
[ECO "C63"]
[Time "10:30:39"]
[TimeControl "2700+45"]

1. e4 e5 2. Nf3 Nc6 3. Bb5 f5 4. d3 fxe4 5. dxe4 d6 6. h3 Nf6 7. Bg5 Be7 8. Nc3
O-O 9. Bc4+ Kh8 10. a3 a6 11. Qd2 Qe8 12. O-O-O Nh5 13. Nd5 Qd7 14. Nxe7 Nxe7
15. Nxe5 Qe8 16. Nd3 Nf6 17. f3 b5 18. Ba2 Ng6 19. Nf4 Nxf4 20. Qxf4 Be6 21.
Bxe6 Qxe6 22. Kb1 a5 23. Qd2 b4 24. Bxf6 Qxf6 25. a4 Rfb8 26. b3 Rf8 27. Qd5 Qf7
28. Qxf7 Rxf7 29. Rd5 Rff8 30. Rhd1 Kg8 31. e5 dxe5 32. Rxe5 Rfe8 33. Rde1 Rxe5
34. Rxe5 Kf7 35. Kc1 Kf6 36. f4 h6 37. h4 g6 38. Rc5 Ra7 39. g4 Ke6 40. f5+ gxf5
41. Rxf5 Ra8 42. Rh5 Rh8 43. Rxa5 Kd6 44. Kd2 Rg8 45. g5 hxg5 46. Rxg5 Rh8 47.
h5 Ke6 48. Ke3 Kf6 49. Rc5 Rh7 50. Kf4 Rd7 51. Rc6+ Kg7 52. Ke5 Re7+ 53. Re6 Rd7
54. a5 Rd1 55. Rc6 Ra1 56. a6 Ra5+ 57. Ke6 Rxh5 58. Rxc7+ Kg6 59. a7 Ra5 60. Kd7
Kf6 61. Kc8 Ke6 62. Kb8 Kd6 63. Rb7 {Black resigns} 1-0

[Event "Team 45 45 League T58"]
[Site "Internet Chess Club"]
[Date "2013.09.15"]
[Round "4"]
[White "bondguy01"]
[Black "drsigmund1"]
[Result "1-0"]
[WhiteElo "1724"]
[BlackElo "1593"]
[Opening "Queen's pawn: Keres defense"]
[ECO "A40"]
[Time "20:00:23"]
[TimeControl "2700+45"]

1. d4 e6 2. c4 b6 3. a3 Bb7 4. Nc3 f5 5. d5 Be7 6. g3 e5 7. e4 g6 8. Bd3 Nf6 9.
exf5 gxf5 10. Bxf5 d6 11. Ne4 Nbd7 12. Ng5 h5 13. Ne6 Qb8 14. Bg6# {Black
checkmated} 1-0

[Event "Team 45 45 League T58"]
[Site "Internet Chess Club"]
[Date "2013.09.14"]
[Round "4"]
[White "Goli"]
[Black "Sir-Sinister"]
[Result "0-1"]
[WhiteElo "1841"]
[BlackElo "2052"]
[Opening "Scotch game"]
[ECO "C45"]
[Time "17:00:52"]
[TimeControl "2700+45"]

1. e4 Nc6 2. d4 e5 3. Nf3 exd4 4. Nxd4 Bc5 5. Nxc6 Qf6 6. Qe2 dxc6 7. Nc3 Be6 8.
Be3 Ba3 9. O-O-O Qxc3 10. Bd4 Bxb2+ 11. Kb1 Bxa2+ {White resigns} 0-1

[Event "Team 45 45 League T58"]
[Site "Internet Chess Club"]
[Date "2013.09.14"]
[Round "4"]
[White "CzwartyWymiar"]
[Black "room-matt"]
[Result "1-0"]
[WhiteElo "1971"]
[BlackElo "1782"]
[Opening "Grob's attack"]
[ECO "A00"]
[Time "09:36:08"]
[TimeControl "2700+45"]

1. g4 e5 2. Bg2 Nf6 3. g5 Nh5 4. d4 Be7 5. dxe5 Bxg5 6. Nc3 Nf4 7. Be4 Nc6 8. h4
Bh6 9. Nf3 Ng6 10. Bxh6 gxh6 11. Nd5 Ngxe5 12. Nxe5 Nxe5 13. Qd4 f6 14. O-O-O c6
15. f4 cxd5 16. fxe5 dxe4 17. exf6 d5 18. Qe5+ Kf7 19. Rhg1 Rg8 20. Rxg8 Kxg8
21. Rg1+ Kf8 22. Rg7 {Black resigns} 1-0

[Event "Team 45 45 League T58"]
[Site "Internet Chess Club"]
[Date "2013.09.17"]
[Round "4"]
[White "tsia68"]
[Black "elmaestro"]
[Result "1-0"]
[WhiteElo "1738"]
[BlackElo "1808"]
[Opening "Réti opening"]
[ECO "A04"]
[Time "15:08:28"]
[TimeControl "2700+45"]

1. Nf3 c5 2. g3 Nc6 3. Bg2 Nf6 4. O-O g6 5. d3 Bg7 6. e4 d6 7. c3 Bg4 8. Nbd2
O-O 9. h3 Bxf3 10. Nxf3 e5 11. Nh4 Qd7 12. f4 exf4 13. gxf4 Qe7 14. Qe1 Rac8 15.
f5 Ne5 16. Qg3 Nh5 17. f6 Qe6 18. Qe3 Bxf6 19. Nf3 Nxf3+ 20. Rxf3 b5 21. Bd2 Bh4
22. b3 b4 23. Raf1 Bf6 24. Rxf6 Nxf6 25. Qg5 Nh5 26. Qh4 Qe5 27. Bh6 bxc3 28.
Qg4 Qg3 29. Qd7 c2 30. Rxf7 c1=Q+ 31. Bxc1 Rxf7 32. Qxc8+ Kg7 33. Bb2+ Kh6 34.
Qe6 Qf2+ 35. Kh2 Qf4+ 36. Kg1 Rf6 37. Bxf6 Nxf6 38. Qf7 Qe3+ 39. Kh1 Qf2 40.
Qf8+ Kh5 41. Qxd6 Qe1+ 42. Kh2 Qc3 43. e5 Ne8 44. Qe6 Nc7 45. Qe7 Qd4 46. Qxc7
Qf4+ 47. Kg1 Qc1+ 48. Bf1 Qe3+ 49. Kg2 Qd2+ 50. Kf3 Qd1+ 51. Be2 Qh1+ 52. Ke3+
Kh6 53. Qf7 Qxh3+ 54. Bf3 Qg3 55. Qf8+ Kg5 56. Qf6+ Kh6 57. Qf4+ Qxf4+ 58. Kxf4
g5+ 59. Kf5 {Black resigns} 1-0

[Event "Team 45 45 League T58"]
[Site "Internet Chess Club"]
[Date "2013.09.13"]
[Round "4"]
[White "Hal2001"]
[Black "Duguesclin"]
[Result "0-1"]
[WhiteElo "1558"]
[BlackElo "1784"]
[Opening "Sicilian defense"]
[ECO "B44"]
[Time "15:08:01"]
[TimeControl "2700+45"]

1. e4 e6 2. Nf3 c5 3. d4 cxd4 4. Nxd4 Nc6 5. Bb5 Bc5 6. Nb3 Bb6 7. O-O Nge7 8.
Nc3 O-O 9. Bf4 d5 10. exd5 exd5 11. Qf3 Be6 12. Na4 Bc7 13. Bxc7 Qxc7 14. Nac5
Ne5 15. Qg3 N7g6 16. Bd3 Qe7 17. Nxe6 fxe6 18. Rae1 Nxd3 19. Qxd3 Rad8 20. Qe3
Rd6 21. f4 Nh4 22. Nd4 Nf5 23. Nxf5 Rxf5 24. g4 Rf6 25. Qe5 Rd8 26. g5 Rg6 27.
h4 h5 28. f5 Qc5+ 29. Kh1 exf5 30. Rxf5 Qxc2 31. Ref1 Qe4+ 32. Qxe4 dxe4 33. Re5
Rd4 34. Re7 e3 35. Rxe3 Rxh4+ 36. Kg2 Rxg5+ 37. Rg3 Rxg3+ 38. Kxg3 Rg4+ 39. Kh3
g5 40. Rf5 Kg7 41. Rb5 b6 42. Rd5 Kf6 43. Rb5 Rd4 44. a3 Rd3+ 45. Kg2 h4 {White
resigns} 0-1